Map: Ulrena

Players

fReeDom

  • Race: Zerg Zerg
  • League: Bronze
  • Spawn Location: 11:00

Fropez - Winner!

  • Race: Protoss Protoss
  • League: Silver
  • Spawn Location: 7:00

VOD

Have the link to the VOD?

Description

Time

  • Played on: July 1, 2016, 9:47 a.m.
  • Length: 13:08
Show
View Real Time Build Order
Export as new Build Order

fReeDom Zerg 

Build Orders: Pool First 

Get SALT Encoding   

  12  0:17  Drone  
  12  0:19  Overlord  
  13  0:36  Drone  
  14  0:44  Drone  
  14  0:46  Drone  
  16  0:52  Extractor  
  16  0:54  Drone  
  16  1:01  Spawning Pool  
  16  1:02  Drone  
  16  1:32  Drone, Hatchery  
  16  1:41  Overlord  
  16  1:54  Zergling x2  
  16  1:55  Zergling x4  
  16  2:00  Queen  
  21  2:07  Drone  
  22  2:13  Metabolic Boost  
  22  2:17  Zergling x2  
  23  2:27  Overlord  
  23  2:54  Zergling x6  
  26  3:05  Queen  
  28  3:07  Queen  
  28  3:09  Overlord  
  28  3:11  Drone x3  
  33  3:20  Zergling x2  
  32  3:42  Zergling x2  
  32  3:43  Zergling x12  
  39  3:50  Drone  
  40  4:03  Roach Warren  
  40  4:08  Overlord  
  39  4:10  Drone  
  39  4:11  Drone x2  
  42  4:17  Extractor  
  42  4:23  Lair  
  42  4:31  Zergling x2  
  42  4:32  Zergling x2  
  40  4:49  Zergling x12  
  46  5:01  Drone  
  46  5:02  Baneling Nest  
  46  5:15  Drone x4  
  50  5:50  Evolution Chamber  
  50  5:53  Overlord  
  50  5:54  Drone  
  50  5:55  Drone x7  
  57  6:02  Baneling x3  
  57  6:03  Baneling x2  
  57  6:05  Baneling x2  
  57  6:24  Hatchery  
  56  6:36  Overlord  
  56  6:38  Roach  
  56  6:39  Roach x3  
  60  6:55  Baneling  
  60  6:57  Roach  
  60  6:58  Roach x3  
  68  7:04  Overlord  
  68  7:05  Overlord  
  68  7:12  Overlord  
  68  7:20  Zerg Missile Weapons Level 1  
  68  7:22  Glial Reconstitution  
  68  7:27  Drone  
  68  7:28  Drone x4  
  73  7:37  Extractor  
  73  7:39  Overlord  
  73  7:40  Extractor  
  73  7:43  Roach x2  
  75  7:49  Overseer  
  68  8:02  Zergling x16  
  71  8:13  Roach  
  71  8:14  Roach x2  
  77  8:20  Drone  
  77  8:21  Drone x3  
  81  8:37  Zergling x2  
  81  8:38  Zergling x12  
  88  8:52  Overlord x2  
  88  8:53  Overlord  
  88  9:08  Drone  
  88  9:09  Drone x6  
  95  9:27  Zerg Missile Weapons Level 2  
  95  9:29  Hydralisk Den  
  94  9:38  Drone x6  
  100  9:46  Overlord  
  100  10:04  Hydralisk x5  
  94  10:14  Roach  
  94  10:15  Roach x2  
  94  10:16  Roach  
  94  10:20  Roach  
  87  10:35  Zergling x14  
  89  10:36  Zergling x2  
  95  10:44  Roach x2  
  93  10:52  Queen  
  87  11:10  Drone  
  87  11:11  Drone x6  
  94  11:32  Hydralisk  
  94  11:33  Evolution Chamber, Hydralisk x2  
  99  11:40  Drone  
  99  11:41  Drone x2  
  102  11:51  Spine Crawler  
  101  12:04  Drone  
  101  12:05  Drone x3  
  94  12:17  Zergling x2  
  94  12:18  Zergling x6  
  79  12:35  Hydralisk  
Show
View Real Time Build Order
Export as new Build Order

Fropez Protoss - Winner!

Build Orders:  

Get SALT Encoding   

  12  0:03  Probe (Chrono Boost)  
  13  0:14  Pylon  
  13  0:19  Probe (Chrono Boost)  
  14  0:35  Probe (Chrono Boost), Gateway  
  15  0:45  Pylon  
  16  0:50  Probe (Chrono Boost)  
  16  0:56  Assimilator  
  16  1:00  Probe (Chrono Boost)  
  17  1:11  Probe (Chrono Boost)  
  18  1:15  Pylon  
  18  1:21  Probe (Chrono Boost)  
  19  1:31  Cybernetics Core  
  19  1:39  Assimilator  
  19  1:47  Gateway  
  19  1:57  Probe (Chrono Boost)  
  22  2:08  Mothership Core (Chrono Boost)  
  22  2:10  Warp Gate (Chrono Boost)  
  22  2:15  Adept  
  24  2:24  Gateway  
  24  2:36  Adept  
  26  2:38  Probe  
  27  2:46  Adept  
  28  3:00  Pylon  
  28  3:01  Probe  
  29  3:07  Pylon  
  29  3:16  Adept  
  35  3:49  Twilight Council  
  35  3:52  Pylon  
  31  4:11  Nexus  
  31  4:13  Pylon  
  31  4:16  Adept  
  29  4:41  Adept x3  
  34  4:49  Resonating Glaives (Chrono Boost)  
  34  4:52  Probe  
  32  5:08  Probe, Gateway  
  32  5:12  Adept  
  35  5:27  Pylon, Probe  
  36  5:28  Probe  
  36  5:34  Adept  
  39  5:41  Stalker  
  41  5:43  Probe x2  
  43  5:54  Probe  
  43  5:55  Probe  
  45  6:05  Robotics Facility  
  45  6:11  Assimilator  
  45  6:13  Probe, Assimilator  
  45  6:17  Sentry x2  
  50  6:20  Sentry  
  46  6:48  Adept x3  
  46  6:49  Adept  
  46  6:53  Immortal  
  58  6:58  Probe  
  58  7:00  Probe  
  60  7:05  Gateway  
  60  7:13  Probe  
  61  7:16  Pylon  
  61  7:28  Adept x3  
  67  7:32  Observer  
  68  7:57  Adept x3  
  68  7:58  Adept  
  74  8:01  Immortal  
  74  8:03  Probe x2  
  74  8:15  Adept  
  74  8:18  Adept  
  78  8:28  Adept x2  
  82  8:47  Immortal  
  86  8:51  Probe  
  86  8:52  Probe  
  88  9:07  Adept x3  
  94  9:14  Pylon  
  94  9:28  Pylon  
  94  9:33  Stalker x2  
  98  9:45  Probe x2  
  99  9:46  Gateway  
  99  9:51  Forge  
  100  9:54  Pylon  
  88  10:30  Adept x5  
  92  10:36  Immortal  
  92  10:37  Probe  
  93  11:01  Probe x2  
  89  11:07  Protoss Ground Weapons Level 1 (Chrono Boost)  
  89  11:19  Adept x6  
  102  11:25  Probe  
  102  11:26  Probe  
  103  11:37  Nexus, Probe  
  104  11:40  Assimilator  
  104  11:42  Probe  
  104  11:44  Assimilator  
  104  11:46  Adept  
  104  11:47  Adept x5  
  109  11:54  Pylon  
  116  11:55  Probe  
  116  11:56  Probe  
  106  13:00  Adept x3  
  106  13:01  Adept x2  
Tags
 
Matchup
PvZ
Opening
Pool First
Replay Pack
All Mines
Spawn Locations
Close Positions
Add a new tag
Caveats
  • Supply blocks, unpowered buildings, or Contaminate may cause inaccurate times.
  • Supply counts are checked every 10 seconds.